 Dungeon Crawl Stone Soup version 0.24-a0-458-gfcb5e6da0e (webtiles) character file.

Game seed: 18284460430696510209

23949 Ijustatesigmund the Fighter (level 13, -3/150 HPs)
             Began as an Ogre Fighter on June 27, 2019.
             Was a Believer of Cheibriados.
             Slain by Snorg (13 damage)
             ... on level 3 of the Lair of Beasts.
             The game lasted 00:52:53 (26538 turns).

Ijustatesigmund the Fighter (Ogre Fighter)         Turns: 26538, Time: 00:52:54

Health: -3/150     AC: 23    Str: 28    XL:     13   Next: 10%
Magic:  12/17      EV: 10    Int: 16    God:    Cheibriados [**....]
Gold:   746        SH: 12    Dex: 17    Spells: 12/12 levels left

rFire    x . .     SeeInvis .   A - +2 mace (protect)
rCold    + + .     Gourm    .   c - +0 shield
rNeg     . . .     Faith    .   p - +0 ice dragon scales
rPois    .         Spirit   .   y - +1 hat
rElec    .         Reflect  +   x - +0 cloak
rCorr    +         Harm     .   (gloves unavailable)
MR       +....                  (boots unavailable)
Stlth    +.........             G - +2 amulet of reflection
HPRegen  0.35/turn              k - ring of resist corrosion
MPRegen  0.15/turn              r - ring of stealth

@: protection aura, very slightly contaminated, very slow
A: large, unfitting armour, rugged brown scales 1, clever 1, tough skin 1,
MP-powered wands
a: Bend Time, Renounce Religion


You were on level 3 of the Lair of Beasts.
You worshipped Cheibriados.
Cheibriados was pleased with you.
You were very hungry.

You visited 3 branches of the dungeon, and saw 17 of its levels.
You also visited: Ossuary and Gauntlet.

You collected 1251 gold pieces.
You spent 505 gold pieces at shops.

Inventory:

Hand Weapons
 a - a +5 giant spiked club
 A - a +2 mace of protection (weapon)
 B - a +1 flail of holy wrath
Missiles
 h - 64 poisoned darts (quivered)
 J - 2 throwing nets
Armour
 b - a +0 troll leather armour
 c - a +0 shield (worn)
 p - +0 ice dragon scales (worn)
 x - a +0 cloak (worn)
 y - a +1 hat (worn)
Jewellery
 k - a ring of resist corrosion (left hand)
 r - a ring of stealth (right hand)
 v - an uncursed amulet of the gourmand
 G - a +2 amulet of reflection (around neck)
Wands
 n - a wand of flame (62)
 t - a wand of iceblast (6)
 F - a wand of polymorph (14)
Scrolls
 e - a scroll of teleportation
 j - a scroll of immolation
 l - a scroll of fog
 m - 2 scrolls of amnesia
 w - 6 scrolls of remove curse
 L - 4 scrolls of identify
Potions
 d - 6 potions of curing
 g - 2 potions of mutation
 i - 2 potions of brilliance
 o - 2 potions of ambrosia
 u - 2 potions of flight
Comestibles
 f - 8 rations


   Skills:
 + Level 14.2 Fighting
 + Level 12.6 Maces & Flails
 - Level 3.1 Throwing
 - Level 6.9 Armour
 - Level 6.8 Dodging
 - Level 2.6 Shields
 + Level 6.2 Invocations


You had 12 spell levels left.
You didn't know any spells.
Your spell library contained the following spells:

 Spells                   Type           Power        Failure   Level  Hunger
 Animate Skeleton         Necr           N/A          93%         1    ##.....
 Corona                   Hex            #......      93%         1    ##.....
 Freeze                   Ice            #...         93%         1    ##.....
 Pain                     Necr           #...         93%         1    ##.....
 Sting                    Conj/Pois      #...         93%         1    ##.....
 Ensorcelled Hibernation  Hex/Ice        #.....       98%         2    ###....
 Poisonous Vapours        Pois/Air       #.....       98%         2    ###....
 Confuse                  Hex            #.......     100%        3    ####...
 Dazzling Spray           Conj/Hex       #.....       100%        3    ####...
 Mephitic Cloud           Conj/Pois/Air  #.......     100%        3    ####...
 Regeneration             Chrm/Necr      #.........   100%        3    ####...
 Tukima's Dance           Hex            #.......     100%        3    ####...
 Vampiric Draining        Necr           #.........   100%        3    ####...
 Animate Dead             Necr           N/A          100%        4    #####..
 Ice Form                 Ice/Tmut       #.......     100%        4    #####..
 Olgreb's Toxic Radiance  Pois           #.......     100%        4    #####..
 Lightning Bolt           Conj/Air       #.........   100%        5    ######.
 Venom Bolt               Conj/Pois      #.........   100%        5    ######.
 Simulacrum               Ice/Necr       #.........   100%        6    #######


Dungeon Overview and Level Annotations

Branches:
Dungeon (13/15)            Temple (1/1) D:5            Lair (3/6) D:8
 Shoals (0/4) Lair:2          Orc (0/2) D:11
  Snake: Lair:2-4    Spider: Lair:2-4    Vaults: D:13-14

Altars:
Ashenzari
Cheibriados
Dithmenos
Elyvilon
Fedhas
Gozag
Hepliaklqana
Kikubaaqudgha
Makhleb
Nemelex Xobeh
Okawaru
Qazlal
Ru
Sif Muna
Trog
Uskayaw
Vehumet
Wu Jian
Xom
Yredelemnul
Zin
The Shining One

Shops:
D:7 %   D:9 !   D:10 :(   D:11 }[?

Annotations:
D:2 exclusion: oklob plant
Lair:3 Snorg


Innate Abilities, Weirdness & Mutations

You are too large for most types of armour.
You have tough skin. (AC +1)
You are partially covered in rugged brown scales. (AC +1, +3% HP)
Your mind is acute. (Int +2)
You expend magic power (3 MP) to strengthen your wands.


Message History

Snorg claws you but does no damage. x2
Your shield and ice dragon scales prevent you from hitting Snorg.
Snorg is heavily wounded.
Snorg misses you. You block Snorg's attack. Snorg claws you!
* * * LOW HITPOINT WARNING * * *
You hit Snorg.
Your weapon exudes an aura of protection.
Snorg is heavily wounded.
You block Snorg's attack. Snorg barely misses you.
Snorg claws you but does no damage.
You barely miss Snorg.
Snorg is heavily wounded.
You block Snorg's attack. Snorg barely misses you.
Snorg claws you but does no damage.
You bludgeon Snorg!!
Snorg is severely wounded.
You block Snorg's attack. x2; Snorg claws you.
* * * LOW HITPOINT WARNING * * *
Snorg bites you!
You die...

##..# #P.†#
.#
##.........
#....#....
##....#...
.#.....
........
##T....#...
#@.<..#.##.
#.....#
##....#
(..## ..##
... .P##
..#


You could see Snorg (berserk).

Vanquished Creatures
  An ice dragon (D:11)
  2 hydras
  Harold (D:9)
  A two-headed ogre (D:12)
  An unseen horror (D:12)
  Pikel (D:5)
  A cyclops (D:12)
  4 merfolk sirens (Lair:2)
  2 black mambas
  A gargoyle (D:10)
  Maurice (D:11)
  A centaur skeleton (D:12)
  5 spiny frogs
  A komodo dragon (D:8)
  A merfolk (D:9)
  A troll (D:11)
  A hornet (D:9)
  3 polar bears
  6 hippogriffs
  4 slime creatures (D:12)
  3 basilisks
  7 yaks (D:11)
  2 hungry ghosts
  6 water moccasins
  6 orc warriors
  6 porcupines (Lair:1)
  A necrophage (D:9)
  3 sky beasts
  4 slaves
  2 black bears
  A hornet zombie (D:6)
  2 ice beasts
  3 eyes of draining
  7 phantoms
  5 ogres
  6 centaurs
  3 wolves
  A big kobold (D:7)
  6 crocodiles
  11 bullfrogs
  6 water moccasin zombies
  3 scorpions
  2 water moccasin skeletons
  15 killer bees
  19 wights
  5 howler monkeys
  An electric eel (Lair:2)
  A bullfrog zombie (D:11)
  3 crimson imps
  2 quasits (D:6)
  2 centaur zombies
  4 hounds
  4 jellies
  5 orc priests
  2 bullfrog skeletons
  2 orc wizards
  4 iguanas
  7 worker ants
  2 killer bee zombies (D:7)
  3 big kobold zombies (Ossuary)
  3 mummies
  2 worker ant zombies
  4 gnolls (D:4)
  12 adders
  5 shadow imps
  2 oozes
  6 adder zombies
  An adder skeleton (D:6)
  2 worms
  A dart slug (D:1)
  8 leopard geckos
  28 orcs
  4 ball pythons
  3 giant cockroaches
  5 goblins
  4 hobgoblins
  5 jackals
  19 kobolds
  4 quokkas
  7 bats
  3 frilled lizards
  5 gnoll zombies (Ossuary)
  5 hobgoblin zombies (Ossuary)
  A jackal skeleton (D:8)
  7 kobold zombies (Ossuary)
  5 orc zombies (Ossuary)
  A quokka skeleton (D:6)
  8 rats
376 creatures vanquished.

Vanquished Creatures (others)
  2 centaurs
  2 fungi
  3 plants (D:8)
7 creatures vanquished.

Grand Total: 383 creatures vanquished

Notes
Turn   | Place    | Note
-------+----------+-------------------------------------------
     0 | D:1      | Ijustatesigmund the Ogre Fighter began the quest for the
                  | Orb.
     0 | D:1      | Reached XP level 1. HP: 24/24 MP: 1/1
   168 | D:1      | Reached XP level 2. HP: 33/33 MP: 2/2
   588 | D:2      | Reached XP level 3. HP: 41/41 MP: 3/3
   947 | D:2      | Reached skill level 5 in Fighting
   972 | D:2      | Found a blossoming altar of Fedhas.
   990 | D:2      | Noticed an oklob plant
  1242 | D:2      | Found a shattered altar of Ashenzari.
  1714 | D:3      | You fall into a shaft and drop 1 floor!
  1721 | D:4      | Reached skill level 1 in Throwing
  1721 | D:4      | Reached XP level 4. HP: 42/50 MP: 4/4
  1811 | D:4      | Reached XP level 5. HP: 33/57 MP: 5/5
  1950 | D:4      | Found a sand-covered staircase.
  1960 | Ossuary  | Entered an ossuary
  2123 | Ossuary  | Reached skill level 6 in Fighting
  2174 | Ossuary  | Reached XP level 6. HP: 15/68 MP: 6/6
  2862 | Ossuary  | Reached skill level 7 in Fighting
  2862 | Ossuary  | Reached XP level 7. HP: 59/78 MP: 7/7
  3389 | Ossuary  | Gained mutation: You expend magic power (3 MP) to
                  | strengthen your wands. [potion of mutation]
  3389 | Ossuary  | Gained mutation: You are partially covered in rugged brown
                  | scales. (AC +1, +3% HP) [potion of mutation]
  3389 | Ossuary  | Gained mutation: Your mind is acute. (Int +2) [potion of
                  | mutation]
  3621 | D:4      | Reached skill level 5 in Maces & Flails
  3825 | D:4      | Reached skill level 8 in Fighting
  4150 | D:4      | Reached XP level 8. HP: 58/91 MP: 8/8
  5408 | D:5      | Entered Level 5 of the Dungeon
  5571 | D:5      | Found a staircase to the Ecumenical Temple.
  5579 | Temple   | Entered the Ecumenical Temple
  5826 | D:5      | Found a burning altar of Makhleb.
  5848 | D:5      | Reached skill level 9 in Fighting
  5965 | D:5      | Noticed Pikel
  6626 | D:5      | Found a shadowy altar of Dithmenos.
  6966 | D:5      | Killed Pikel
  6966 | D:5      | Reached skill level 10 in Fighting
  6966 | D:5      | Reached XP level 9. HP: 29/104 MP: 9/9
  7403 | D:5      | Found a shadowy altar of Dithmenos.
  9381 | D:6      | Reached skill level 11 in Fighting
 10319 | D:6      | Reached XP level 10. HP: 92/117 MP: 10/10
 10731 | D:6      | Reached skill level 10 in Maces & Flails
 11804 | D:7      | Found Ucsest's Food Shop.
 12147 | D:8      | Found an iron altar of Okawaru.
 12197 | D:8      | Reached skill level 12 in Fighting
 13074 | D:8      | Found a staircase to the Lair.
 15427 | D:9      | Found Qevod's Distillery.
 15433 | D:9      | Bought a potion of might for 48 gold pieces
 15433 | D:9      | Bought a potion of curing for 36 gold pieces
 15433 | D:9      | Bought a potion of curing for 36 gold pieces
 15433 | D:9      | Bought a potion of heal wounds for 60 gold pieces
 15458 | D:9      | Paralysed by a hornet for 2 turns
 15462 | D:9      | Reached skill level 13 in Fighting
 15462 | D:9      | Reached XP level 11. HP: 58/130 MP: 11/11
 15912 | D:9      | Noticed Harold
 15922 | D:9      | Killed Harold
 16325 | D:9      | Found a white marble altar of Elyvilon.
 16331 | D:9      | Found a glowing golden altar of the Shining One.
 16461 | D:10     | Entered Level 10 of the Dungeon
 16874 | D:10     | Found Foomeb's Weapon Boutique.
 16928 | D:10     | Found Irousiv's Book Shoppe.
 17800 | D:11     | Found a gate leading to a gauntlet.
 17806 | Gauntlet | Entered a Gauntlet
 17806 | Gauntlet | Found a transporter.
 17806 | Gauntlet | Found a runed translucent door.
 17806 | Gauntlet | Found a runed translucent door.
 17806 | Gauntlet | Noticed a catoblepas
 17819 | Gauntlet | Found a transporter.
 17821 | Gauntlet | Found a transporter.
 17839 | Gauntlet | Found a transporter.
 17839 | Gauntlet | Noticed an oklob plant
 17841 | Gauntlet | Found a transporter.
 17845 | Gauntlet | Noticed a wizard
 17846 | Gauntlet | Noticed a wizard
 17854 | Gauntlet | Found a transporter.
 17868 | Gauntlet | Found a transporter.
 17881 | Gauntlet | Found a transporter.
 18096 | D:11     | Found a staircase to the Orcish Mines.
 18174 | D:11     | Found Dak Byru's Antique Armour Boutique.
 18318 | D:11     | Found Paji's Magic Scroll Boutique.
 18342 | D:11     | Bought a scroll of teleportation for 45 gold pieces
 18342 | D:11     | Bought a scroll of identify for 30 gold pieces
 18394 | D:11     | Found a frozen archway.
 18396 | D:11     | Noticed an ice dragon
 18400 | D:11     | Noticed Maurice
 18436 | D:11     | Killed an ice dragon
 18436 | D:11     | Reached skill level 5 in Dodging
 18995 | D:11     | Found Xum Qerr's Gadget Shoppe.
 19812 | D:11     | Reached skill level 1 in Armour
 20003 | D:11     | Killed Maurice
 20597 | D:13     | Reached XP level 12. HP: 139/140 MP: 12/12
 21515 | D:12     | Noticed a two-headed ogre
 21533 | D:12     | Killed a two-headed ogre
 21533 | D:12     | Reached skill level 5 in Armour
 22236 | D:7      | Bought a ration for 50 gold pieces
 22236 | D:7      | Bought a ration for 50 gold pieces
 22236 | D:7      | Bought a ration for 50 gold pieces
 22236 | D:7      | Bought a ration for 50 gold pieces
 22236 | D:7      | Bought a ration for 50 gold pieces
 22335 | Temple   | Became a worshipper of Cheibriados the Contemplative
 22465 | Lair:1   | Entered Level 1 of the Lair of Beasts
 22505 | Lair:1   | Reached skill level 1 in Invocations
 23120 | Lair:1   | Reached * piety under Cheibriados
 23692 | Lair:1   | Noticed a seven-headed hydra
 23707 | Lair:1   | Killed a seven-headed hydra
 24785 | Lair:2   | Found an ancient bone altar of Kikubaaqudgha.
 25181 | Lair:2   | Identified the Incunabulum of the Dragon
 25211 | Lair:2   | Reached skill level 5 in Invocations
 25236 | Lair:2   | Found a staircase to the Shoals.
 25275 | Lair:2   | Reached ** piety under Cheibriados
 25657 | Lair:2   | Reached skill level 14 in Fighting
 26081 | Lair:3   | Noticed a four-headed hydra
 26100 | Lair:3   | Killed a four-headed hydra
 26100 | Lair:3   | Reached XP level 13. HP: 150/150 MP: 17/17
 26518 | Lair:3   | Noticed Snorg
 26538 | Lair:3   | Slain by Snorg

Levels and vault maps discovered:
D:1:      tarquinn_simple_flora_water_b, layout_loops_ring
D:2:      layout_rooms, nicolae_overflow_crystal_walls, first_ration, tgw_fedhas
D:3:      corexii_shack_village, layout_loops_corners, serial_glass,
          glass_columns_b, glass_columns_c, glass_columns_a, glass_columns_b,
          glass_columns_c, glass_columns_a, glass_columns_b, glass_columns_c,
          glass_columns_b, glass_columns_b, glass_columns_a, glass_columns_c,
          glass_columns_b, glass_columns_b
D:4:      layout_basic, gup_ossuary_entry_pyramid, minmay_misc_feat_roman,
          feat_on_display
D:5:      layout_loops_ring, lemuel_round_altar, lemuel_coloured_pillars_altar,
          minmay_temple_entry_grid, grunt_dithmenos_shadows, uniq_pikel
D:6:      layout_gridville, st_stairs_6, kennysheep_windowed_goal
D:7:      hangedman_cross_stitches, layout_rooms, serial_shops,
          nicolae_shop_statue_plus
D:8:      layout_basic, kennysheep_okawaru_gauntlet, david_lair_shrubbed
D:9:      layout_cross, amethyst_overflow_temple_binary, serial_shops,
          nicolae_shop_competitors_out_of_business, hangedman_fish_farm,
          uniq_harold
D:10:     layout_small_grid, serial_shops, nicolae_shop_waterfront,
          nicolae_shop_statue_plus
D:11:     layout_roguey, orc_david_3, gauntlet_entry_generic, serial_shops,
          shop, shop_statue, shop, portal_ice_cave_entry_animals_and_master,
          uniq_maurice
D:12:     layout_grid_maze
D:13:     layout_roguey, david_vaults_1, uniq_jorgrun
Temple:   eino_temple_scatter_basement
Lair:1:   layout_cave_pods, beast_lair_carwin_2
Lair:2:   statuecave_lemuel, layout_chaotic_city, elwin_shoals_entry_stream,
          basic_altar, hibernation_bobbens
Lair:3:   layout_cave_pods, uniq_snorg

Skill      XL: |  1  2  3  4  5  6  7  8  9 10 11 12 13 |
---------------+----------------------------------------+-----
Maces & Flails | 2 3 4 5 7 9 11 12 | 12.6
Fighting       | 5 6 7 8 10 11 13 14 | 14.2
Throwing       | 1 2 3 |  3.1
Dodging        | 6 |  6.8
Armour         | 3 6 |  6.9
Invocations    | 5 6 |  6.2
Shields        | |  2.6

Action                   |  1- 3 |  4- 6 |  7- 9 | 10-12 | 13-15 || total
-------------------------+-------+-------+-------+-------+-------++-------
Melee: Flail             |   129 |   148 |   356 |   403 |       ||  1036
       Morningstar       |       |       |   118 |       |       ||   118
       Mace              |       |       |       |   746 |    69 ||   815
Throw: Dart              |     3 |    18 |    68 |   117 |     9 ||   215
Invok: Bend Time         |       |       |       |       |     1 ||     1
Evoke: Wand              |       |       |       |    18 |     1 ||    19
  Use: Scroll            |     7 |     1 |     9 |    15 |     1 ||    33
       Potion            |       |     3 |     3 |    17 |     1 ||    24
 Stab: Sleeping          |       |       |    11 |     8 |       ||    19
       Invisible         |       |       |       |     1 |       ||     1
  Eat: Chunk             |     2 |     2 |    10 |    21 |       ||    35
       Ration            |       |     1 |     4 |     9 |       ||    14
Armor: Robe              |    44 |    28 |   159 |   110 |       ||   341
       Ice dragon scales |       |       |       |   240 |    41 ||   281
       Troll leather arm |       |       |       |    34 |       ||    34
       Skin              |       |       |       |    22 |     3 ||    25
Dodge: Dodged            |    55 |    54 |   162 |   325 |    35 ||   631
Block: Shield            |    66 |    73 |   236 |   626 |    52 ||  1053
       Reflection        |       |       |       |    12 |       ||    12

Table legend:
 A = Non-vault XP
 B = Vault XP
 C = Vault XP percentage of total XP
 D = Non-vault monster count
 E = Vault monster count
 F = Vault count percentage of total count
                 A         B        C        D         E       F
            +---------+---------+-------+---------+---------+-------
      Total |   25295 |    8918 |  26.1 |     287 |      87 |  23.3
            +---------+---------+-------+---------+---------+-------
        D:1 |      26 |       0 |   0.0 |      15 |       0 |   0.0
        D:2 |      44 |       0 |   0.0 |      17 |       0 |   0.0
        D:3 |      56 |      22 |  28.2 |      12 |      10 |  45.5
        D:4 |     674 |      21 |   3.0 |      22 |       1 |   4.3
        D:5 |     798 |     745 |  48.3 |      21 |       2 |   8.7
        D:6 |    1514 |     260 |  14.7 |      31 |       6 |  16.2
        D:7 |     924 |     328 |  26.2 |      25 |       7 |  21.9
        D:8 |    1559 |     382 |  19.7 |      25 |       3 |  10.7
        D:9 |    1962 |    1297 |  39.8 |      21 |       2 |   8.7
       D:10 |    1023 |       0 |   0.0 |      11 |       0 |   0.0
       D:11 |    2231 |    3168 |  58.7 |      22 |      13 |  37.1
       D:12 |    4888 |       0 |   0.0 |      24 |       0 |   0.0
       D:13 |     531 |       0 |   0.0 |       2 |       0 |   0.0
     Lair:1 |    4433 |     384 |   8.0 |      17 |       3 |  15.0
     Lair:2 |    2228 |    1839 |  45.2 |      13 |       4 |  23.5
     Lair:3 |    2404 |       0 |   0.0 |       9 |       0 |   0.0
    Ossuary |       0 |     472 | 100.0 |       0 |      36 | 100.0
            +---------+---------+-------+---------+---------+-------
